 Dungeon Crawl Stone Soup version 0.31-a0-217-g58bb5d7 (webtiles) character file.

Game seed: 1951765206666669090

3070 lyrin the Skirmisher (level 9, -9/52 HPs)
             Began as a Deep Elf Hunter on July 2, 2023.
             Was a Follower of Fedhas.
             Mangled by a wyvern (15 damage)
             ... on level 8 of the Dungeon.
             The game lasted 00:14:23 (7163 turns).

lyrin the Skirmisher (Deep Elf Hunter)              Turns: 7163, Time: 00:14:23

Health: -9/52      AC:  6    Str:  8    XL:     9   Next: 58%
Magic:  0/17       EV: 13    Int: 17    God:    Fedhas [*.....]
Gold:   287        SH:  0    Dex: 20    Spells: 13/16 levels left

rFire   . . .        m - +3 dagger (venom)
rCold   + . .        (no shield)
rNeg    . . .        v - +2 leather armour {rC+}
rPois   .            (no helmet)
rElec   .            (no cloak)
rCorr   .            i - +0 pair of gloves
SInv    +            (no boots)
Will    .....        F - amulet of guardian spirit
Stlth   ++           y - ring of see invisible
HPRegen 0.28/turn    o - ring of wizardry
MPRegen 0.15/turn

%: guardian spirit, wizardry (x1)
@: marked
A: no striking features
a: Renounce Religion


You were on level 8 of the Dungeon.
You worshipped Fedhas.
Fedhas was aware of your devotion.
You visited 2 branches of the dungeon, and saw 11 of its levels.

You collected 287 gold pieces.

Inventory:

Hand Weapons
 m - a +3 dagger of venom (weapon)
 u - a +0 orcbow
Missiles
 g - 2 throwing nets
 k - 2 curare-tipped darts (quivered)
Armour
 i - a +0 pair of gloves (worn)
 v - a +2 leather armour of cold resistance (worn)
Magical Staves
 a - a staff of air
Jewellery
 o - a ring of wizardry (right hand)
 y - a ring of see invisible (left hand)
 D - a ring of ice
 F - an amulet of guardian spirit (around neck)
Wands
 p - a wand of acid (3)
 x - a wand of paralysis (11)
 E - a wand of iceblast (13)
 G - a wand of digging (2)
Scrolls
 b - 2 scrolls of butterflies
 d - a scroll of fog
 f - a scroll of vulnerability {unknown}
 q - 2 scrolls of fear
 t - a scroll of acquirement {unknown}
 w - a scroll of poison {unknown}
 z - a scroll of noise {unknown}
 B - a scroll of enchant weapon {unknown}
 C - a scroll of enchant armour {unknown}
 H - a scroll of identify
Potions
 c - 5 potions of enlightenment
 e - a potion of degeneration {unknown}
 h - a potion of lignification {unknown}
 j - 3 potions of curing
 l - 3 potions of attraction
 n - 2 potions of mutation
 r - a potion of ambrosia {unknown}
 s - a potion of magic {unknown}
 A - a potion of heal wounds
 I - a potion of might {unknown}


   Skills:
 + Level 4.1 Fighting
 + Level 0.1 Short Blades
 + Level 12.5 Ranged Weapons
 + Level 1.0 Throwing
 + Level 3.1 Armour
 + Level 3.3 Dodging
 + Level 3.1 Stealth
 - Level 4.0 Spellcasting
 * Level 3.9 Air Magic
 * Level 5.1 Invocations
 + Level 0.5 Evocations


You had 13 spell levels left.
You knew the following spells:

 Your Spells              Type           Power      Damage    Failure   Level
a - Swiftness             Air            16%        N/A       5%          3

Your spell library contained the following spells:

 Spells                   Type           Power      Damage    Failure   Level
 Shock                    Conj/Air       40%        1d5       4%          1
 Foxfire                  Conj/Fire      12%        2x1d4     9%          1
 Kiss of Death            Conj/Necr      12%        2d6       9%          1
 Airstrike                Air            8%         2d(2-18)  17%         4
 Confusing Touch          Hex            3%         N/A       26%         3
 Ozocubu's Armour         Ice            3%         N/A       26%         3
 Dispel Undead            Necr           3%         3d7       61%         4
 Fireball                 Conj/Fire      1%         3d3       91%         5
 Plasma Beam              Fire/Air       5%         2x1d15    99%         6
 Starburst                Conj/Fire      1%         6d3       100%        6
 Ozocubu's Refrigeration  Ice            1%         4d7       100%        7


Dungeon Overview and Level Annotations

Branches:
Dungeon (10/15)            Temple (1/1) D:5
   Lair: D:8-11         Orc: D:9-12

Altars:
Ashenzari
Elyvilon
Fedhas
Gozag
Hepliaklqana
Kikubaaqudgha
Makhleb
Okawaru
Ru
Sif Muna
Trog
Uskayaw
Vehumet
Xom

Shops:
D:1 !

Annotations:
D:3 1 runed translucent door, Crazy Yiuf
D:7 Joseph


Message History

The wyvern bites you! The wyvern barely misses you.
You hit the wyvern.
The wyvern is poisoned.
The wyvern is heavily wounded.
The wyvern bites you!
* * * LOW HITPOINT WARNING * * *
Unknown command.
Okay, then.
The wyvern misses you.
You barely miss the wyvern.
The wyvern is heavily wounded.
The wyvern bites you but does no damage.
You hit the wyvern but do no damage.
The wyvern looks even sicker.
The wyvern is heavily wounded.
The wyvern closely misses you. The wyvern barely misses you.
The wyvern attacks as you move away! The wyvern bites you.
The wyvern closely misses you. The wyvern attacks as you move away!
The wyvern bites you!
* * * LOW HITPOINT WARNING * * *
You feel better. The wyvern bites you.
* * * LOW HITPOINT WARNING * * *
The wyvern bites you.
* * * LOW HITPOINT WARNING * * *
The bullfrog hits you.
* * * LOW HITPOINT WARNING * * *
Aiming: Corrosive Bolt
Press: ? - help, Shift-Dir - straight line, p - wyvern The bolt of acid hits the bullfrog!
The acid corrodes the bullfrog!
The bullfrog is heavily wounded.
The wyvern completely misses you. The bullfrog closely misses you.
Unknown command.
You hit the bullfrog.
The bullfrog is severely wounded.
The wyvern closely misses you. The bullfrog completely misses you.
The wyvern completely misses you. The bullfrog closely misses you.
You hit the bullfrog.
The bullfrog is poisoned.
The bullfrog is severely wounded.
The wyvern bites you!
You die...
Fedhas appreciates your contribution to the ecosystem.

#..#... ....##.##
#.#...# ###F##...###
#.#...####...........
#......?#.#..##ยง..#
#........###.....##
#).>....#.#.l#####
#..........#.#
###<.F######.#
##@l.......#
###########


You could see a wyvern (very poisoned) and a bullfrog (very poisoned, corroded).

Vanquished Creatures
  A two-headed ogre (D:9)
  A hornet (D:9)
  2 steam dragons
  A water moccasin (D:7)
  An orc warrior (D:9)
  An ice beast (D:5)
  A sky beast (D:7)
  3 ogres
  Blork the orc (D:6)
  2 scorpions
  3 bullfrogs
  6 killer bees (D:9)
  A howler monkey (D:6)
  7 orc priests
  A gnoll bouda (D:6)
  Terence (D:2)
  Ijyb (D:4)
  3 iguanas
  5 orc wizards
  6 gnolls
  4 adders
  2 shadow imps
  3 white imps
  An ufetubus (D:5)
  3 worms
  A dart slug (D:2)
  21 orcs
  9 ball pythons
  5 bats
  8 endoplasms
  2 giant cockroaches
  15 goblins
  8 hobgoblins
  7 jackals
  5 kobolds
  4 frilled lizards
  8 rats
154 creatures vanquished.

Vanquished Creatures (others)
  A sleepcap (D:5)
  A worm (D:5)
2 creatures vanquished.

Grand Total: 156 creatures vanquished

Notes
Turn   | Place    | Note
-------+----------+-------------------------------------------
     0 | D:1      | lyrin the Deep Elf Hunter began the quest for the Orb.
     0 | D:1      | Reached XP level 1. HP: 12/12 MP: 3/3
   218 | D:1      | Reached XP level 2. HP: 17/17 MP: 4/4
   268 | D:1      | Reached skill level 6 in Ranged Weapons
   323 | D:1      | Found Hiriquah's Distillery.
   550 | D:1      | Reached XP level 3. HP: 21/21 MP: 5/5
  1014 | D:2      | Noticed Terence
  1024 | D:2      | Killed Terence
  1025 | D:2      | Reached skill level 7 in Ranged Weapons
  1025 | D:2      | Reached XP level 4. HP: 26/26 MP: 6/6
  1963 | D:3      | Found a runed translucent door.
  1964 | D:3      | Noticed Crazy Yiuf
  2297 | D:3      | Reached XP level 5. HP: 31/31 MP: 7/7
  2554 | D:3      | Reached skill level 8 in Ranged Weapons
  3087 | D:4      | Reached skill level 1 in Armour
  3087 | D:4      | Reached XP level 6. HP: 34/36 MP: 8/8
  3180 | D:4      | Reached skill level 9 in Ranged Weapons
  3312 | D:4      | Noticed Ijyb
  3331 | D:4      | Paralysed by Ijyb for 3 turns
  3335 | D:4      | Killed Ijyb
  3592 | D:4      | Learned a level 3 spell: Swiftness
  3602 | D:5      | Entered Level 5 of the Dungeon
  3679 | D:5      | Found a staircase to the Ecumenical Temple.
  3746 | D:5      | Reached XP level 7. HP: 39/40 MP: 9/9
  3780 | D:5      | Reached skill level 1 in Air Magic
  3968 | Temple   | Entered the Ecumenical Temple
  3998 | Temple   | Became a worshipper of Fedhas Madash
  4196 | D:5      | Reached skill level 1 in Invocations
  4351 | D:5      | Reached skill level 10 in Ranged Weapons
  4351 | D:5      | Reached skill level 1 in Spellcasting
  4459 | D:5      | Found a shimmering blue altar of Sif Muna.
  4851 | D:6      | Found an iron altar of Okawaru.
  5137 | D:6      | Noticed Blork the orc
  5150 | D:6      | Killed Blork the orc
  5151 | D:6      | Reached XP level 8. HP: 45/46 MP: 13/13
  5215 | D:6      | Found a white marble altar of Elyvilon.
  6086 | D:7      | Reached skill level 11 in Ranged Weapons
  6230 | D:7      | Noticed Joseph
  6284 | D:7      | Reached * piety under Fedhas
  6462 | D:7      | You fall into a shaft and drop 3 floors!
  6462 | D:10     | Entered Level 10 of the Dungeon
  6640 | D:9      | Noticed a hornet
  6648 | D:9      | Killed a hornet
  6705 | D:9      | Noticed a two-headed ogre
  6713 | D:9      | Killed a two-headed ogre
  6714 | D:9      | Reached XP level 9. HP: 15/52 MP: 11/17
  6876 | D:9      | Reached skill level 12 in Ranged Weapons
  7065 | D:9      | Reached skill level 1 in Throwing
  7065 | D:9      | Reached skill level 5 in Invocations
  7163 | D:8      | Mangled by a wyvern

Illustrated notes

Levels and vault maps discovered:
D:1:      amcnicky_arrival_blooded_trapdoor, layout_basic, serial_shops,
          nicolae_shop_tiny_statue_garden, minmay_pentomino_x2
D:2:      layout_basic, uniq_terence
D:3:      layout_rooms, nicolae_the_louvre, uniq_crazy_yiuf_cottage
D:4:      kennysheep_goblin_castle, layout_gridville
D:5:      layout_basic, led_sif_pool, temple_statues, nrook_loot_triangle
D:6:      layout_basic, mainiacjoe_overflow_alcove_2, general_overflow_altar,
          uniq_blork_the_orc
D:7:      layout_loops_corners, chequers_temple_overflow_statue_of_worship,
          minmay_misc_feat_iff, uniq_joseph
D:8:      layout_loops_ring, enter_bailey_6, nicolae_benzene_ring,
          minmay_tree_intersection, uniq_maggie
D:9:      layout_loops_ring, grunt_nemelex_the_gamble,
          nicolae_dithmenos_through_a_glass_darkly, uniq_gastronok
D:10:     layout_basic, zin_scriptorium, lair_entry_dummy
Temple:   minmay_temple_bridge_abc

Skill      XL: |  1  2  3  4  5  6  7  8  9 |
---------------+----------------------------+-----
Ranged Weapons | 6 7 8 9 10 11 12 | 12.5
Fighting       | 2 3 4 |  4.1
Armour         | 1 3 |  3.1
Air Magic      | 1 3 |  3.9
Invocations    | 2 4 5 |  5.1
Spellcasting   | 2 4 |  4.0
Stealth        | 2 3 |  3.1
Dodging        | 3 |  3.3
Throwing       | 1 |  1.0
Short Blades   | |  0.1
Evocations     | |  0.5

Action                     |  1- 3 |  4- 6 |  7- 9 || total
---------------------------+-------+-------+-------++-------
  Melee: Dagger            |       |     3 |    18 ||    21
         Orcbow            |       |     2 |       ||     2
   Fire: Shortbow          |   100 |   146 |   143 ||   389
         Orcbow            |       |    69 |    86 ||   155
  Throw: Dart              |       |       |     9 ||     9
   Cast: Swiftness         |       |       |     2 ||     2
  Evoke: Wand              |       |       |     5 ||     5
    Use: Scroll            |       |       |     6 ||     6
         Potion            |       |       |     1 ||     1
   Stab: Paralysed         |       |       |     2 ||     2
 Armour: Leather armour    |     1 |    31 |    24 ||    56
         Ring mail         |    11 |     5 |       ||    16
  Dodge: Dodged            |    20 |    49 |    91 ||   160

Table legend: (Time is in decaauts)
 A = Elapsed time spent in this place.
 B = Non-inter-level travel time spent in this place.
 C = Inter-level travel time spent in this place.
 D = Time resting spent in this place.
 E = Time spent auto-exploring this place.
 F = Levels seen in this place.
 G = Mean time per level.
                   A        B        C        D        E       F      G
               +--------+--------+--------+--------+--------+-----+--------+
         Total |   7197 |   6936 |    261 |   1203 |   4339 |  11 |  654.3 |
       Dungeon |   7146 |   6904 |    242 |   1203 |   4320 |  10 |  714.6 |
        Temple |     50 |     31 |     19 |      0 |     19 |   1 |   50.0 |
               +--------+--------+--------+--------+--------+-----+--------+

Top non-repeatable levels by time:
     D:3: 1157 daAuts
     D:6: 1154 daAuts
     D:5: 1112 daAuts
     D:1: 927 daAuts
     D:4: 803 daAuts
     D:2: 766 daAuts
     D:9: 589 daAuts
     D:7: 529 daAuts
    D:10: 59 daAuts
  Temple: 50 daAuts
     D:8: 47 daAuts
